cohdb
Replays
Latest Replays
All Replays
Popular Replays
Top Player Replays
Match Explorer
How It Works
Community
CoH3 Stats
Reddit
Sign in to upload your games and track your stats! →
Sign in with Steam
Match 43376531
Unlisted
Match 43376531
Overview
Messages
Build Orders
End
Selects Terror Battlegroup
Selects Machine Gun Camouflage
Construct Infanterie Kompanie
Grenadier Squad
MG 42 Machine Gun Team
Grenadier Squad
Sniper
Infanterie Officer Quarters
Construct Panzergrenadier Kompanie
Panzergrenadier Squad
Medical Bunker
Forward Retreat Point
Support Elements
Selects No Quarter
StuG III G Assault Gun
Pak 40 Anti-tank Gun Team
Panzergrenadier Officer Quarters
Nebelwerfer 42 Rocket Launcher Team
Pak 40 Anti-tank Gun Team
StuG III G Assault Gun
Construct Panzer Kompanie
Selects King Tiger Heavy Tank
Selects Contempt for the Weak
King Tiger Heavy Tank
ApexPredator
(MKH) VENI VIDI VICI
rlavnfmao
acu.12.aae
williamb1995
99Frankenland99
ItsBrettos
vonAJ
0
0
Comments
sign in to comment!
No comments posted yet!